 Dungeon Sprint DCSS version 0.31-a0-851-g7ff8af7976 (webtiles) character file.

Game seed: 7070070046597384080

1236 sircluck the Grappler (level 8, -10/92 HPs)
             Began as a Troll Berserker on Oct 5, 2023.
             Was a High Priest of Trog.
             Mangled by a hornet (14 damage)
             ... in the Dungeon (Sprint VII: "The Pits").
             The game lasted 00:01:18 (438 turns).

sircluck the Grappler (Troll Berserker)              Turns: 438, Time: 00:01:19

Health: -10/92     AC:  4    Str: 28    XL:     8   Next: 24%
Magic:  7/7        EV: 12    Int:  3    God:    Trog [*****.]
Gold:   0          SH:  0    Dex:  9    Spells: 7/7 levels left

rFire   . .          .
                       - Unarmed
rCold   . . .        (no shield)
rNeg    . . .        a - +0 animal skin
rPois   .            (helmet restricted)
rElec   .            (no cloak)
rCorr   .            (gloves unavailable)
SInv    .            (boots unavailable)
Will    .....        (no amulet)
Stlth   +            (no ring)
HPRegen 1.15/turn    (no ring)
MPRegen 0.10/turn

%: no teleportation
@: lethally poisoned (-10 -> -27), slowed, very slow
A: large, unfitting armour, claws 3, regeneration 1, shaggy fur 1, tough skin 1
a: Renounce Religion, Berserk, Trog's Hand, Brothers in Arms


You were in the Dungeon.
You worshipped Trog.
Trog was extremely pleased with you.
You visited 1 branch

Inventory:

Armour
 a - a +0 animal skin (worn)
Scrolls
 g - a scroll of blinking
 i - 2 scrolls of vulnerability
 j - a scroll of butterflies
Potions
 b - 6 potions of curing
 c - 6 potions of heal wounds
 d - a potion of haste
 e - 4 potions of magic
 f - 3 potions of berserk rage
 h - 2 potions of invisibility


   Skills:
 + Level 9.4 Fighting
 + Level 9.3 Dodging
 + Level 11.0 Unarmed Combat


You had 7 spell levels left.
You didn't know any spells.
Your spell library was empty.

Dungeon Overview and Level Annotations

Branches:
Dungeon (1/1)

Altars:
Ashenzari
Cheibriados
Dithmenos
Elyvilon
Fedhas
Gozag
Hepliaklqana
Kikubaaqudgha
Makhleb
Nemelex Xobeh
Okawaru
Qazlal
Ru
Sif Muna
Trog
Uskayaw
Vehumet
Wu Jian
Xom
Yredelemnul
Zin
The Shining One
Jiyva
Lugonu


Innate Abilities, Weirdness & Mutations

You are too large for most types of armour.
You have claws for hands.
Your natural rate of healing is unusually fast.
You are covered in fur. (AC +1)
You have tough skin. (AC +1)


Message History

You feel yourself speed up.
You feel very sick. The hornet stings you!
You are more poisoned.
You feel yourself slow down. The hornet stings you!
You are more poisoned.
You suddenly lose the ability to move!
You can move again.
You are too injured to fight recklessly!
You are too injured to fight recklessly!
You are too injured to fight recklessly!
You are too injured to fight recklessly!
You are too injured to fight recklessly!
You are too injured to fight recklessly!
You are too injured to fight recklessly!
You are too injured to fight recklessly!
You are too injured to fight recklessly!
You are too injured to fight recklessly!
You closely miss the hornet.
The hornet is severely wounded.
You feel extremely sick. The hornet stings you!
* * * LOW HITPOINT WARNING * * *
You feel as though you will be slow longer.
The hornet barely misses you.
You claw the hornet!
The hornet is almost dead.
* * * LOW HITPOINT WARNING * * *
You feel extremely sick.
The hornet stings you but does no damage.
You scratch the hornet but do no damage.
The hornet is almost dead.
* * * LOW HITPOINT WARNING * * *
You feel very sick. The hornet stings you!
* * * LOW HITPOINT WARNING * * *
You are more poisoned.
You feel as though you will be slow longer.
The hornet stings you!
You die...

#.#..'...'.##.......##..#
#.#.†########...<...##..#
#.#..'.)))[##.......##..#
#.#..#.)))[##.......##..##
#'###########.......##...#
#.......#..###########....
#.###...#.## #...#
#.#.....#†# #..##
#.#†..#.#@# #..#
#.....#.#.yS...+ #..#
#...###.#'#....# #..#
#.......†.#....# #..#
########### #### ####


You could see a hornet and a water moccasin.

Vanquished Creatures
  A deep elf zephyrmancer (D)
  A yak (D)
  A floating eye (D)
  A water moccasin (D)
  A swamp drake (D)
  2 sky beasts (D)
  A scorpion (D)
  2 necrophages (D)
  A gnoll (D)
  An adder (D)
  An ufetubus (D)
  An adder skeleton (D)
  A worm (D)
  An orc (D)
  A giant cockroach (D)
  A hobgoblin (D)
  2 jackals (D)
  A frilled lizard (D)
  A giant cockroach zombie (D)
  2 rats (D)
24 creatures vanquished.

Notes
Turn   | Place    | Note
-------+----------+-------------------------------------------
     0 | D        | sircluck the Troll Berserker began the quest for the Orb.
     0 | D        | Reached XP level 1. HP: 22/22 MP: 0/0
    41 | D        | Noticed a deep elf zephyrmancer
    41 | D        | Noticed a swamp drake
    65 | D        | Killed a deep elf zephyrmancer
    65 | D        | Reached ** piety under Trog
    66 | D        | Reached skill level 8 in Unarmed Combat
    66 | D        | Reached XP level 2. HP: 6/40 MP: 1/1
    66 | D        | Reached XP level 3. HP: 6/46 MP: 2/2
    66 | D        | Reached XP level 4. HP: 8/55 MP: 3/3
    66 | D        | Reached XP level 5. HP: 9/62 MP: 4/4
    66 | D        | Reached XP level 6. HP: 10/71 MP: 5/5
   124 | D        | Killed a swamp drake
   125 | D        | Reached skill level 9 in Unarmed Combat
   170 | D        | Noticed a floating eye
   173 | D        | Paralysed by a floating eye for 2 turns
   176 | D        | Killed a floating eye
   177 | D        | Reached XP level 7. HP: 80/80 MP: 6/6
   181 | D        | Found a bloodstained altar of Trog.
   181 | D        | Found a shimmering blue altar of Sif Muna.
   181 | D        | Found a viscous altar of Jiyva.
   181 | D        | Found a hazy altar of Hepliaklqana.
   181 | D        | Found an opulent altar of Gozag.
   182 | D        | Found a glowing golden altar of the Shining One.
   182 | D        | Found a glowing silver altar of Zin.
   182 | D        | Found a basalt altar of Yredelemnul.
   182 | D        | Found a shimmering altar of Xom.
   182 | D        | Found an ornate altar of the Wu Jian Council.
   182 | D        | Found a sacrificial altar of Ru.
   182 | D        | Found a stormy altar of Qazlal.
   182 | D        | Found an iron altar of Okawaru.
   182 | D        | Found a sparkling altar of Nemelex Xobeh.
   182 | D        | Found a burning altar of Makhleb.
   182 | D        | Found a blossoming altar of Fedhas.
   182 | D        | Found a white marble altar of Elyvilon.
   182 | D        | Found a shadowy altar of Dithmenos.
   182 | D        | Found a snail-covered altar of Cheibriados.
   186 | D        | Found a corrupted altar of Lugonu.
   186 | D        | Found a radiant altar of Vehumet.
   187 | D        | Found a broken altar of Ashenzari.
   187 | D        | Found an ancient bone altar of Kikubaaqudgha.
   187 | D        | Found a hide-covered altar of Uskayaw.
   228 | D        | Reached *** piety under Trog
   257 | D        | Reached **** piety under Trog
   328 | D        | Reached skill level 10 in Unarmed Combat
   349 | D        | Reached ***** piety under Trog
   368 | D        | Reached XP level 8. HP: 92/92 MP: 7/7
   378 | D        | Reached skill level 11 in Unarmed Combat
   421 | D        | Received a gift from Trog
   428 | D        | Noticed a hornet
   435 | D        | Paralysed by a hornet for 1 turns
   438 | D        | HP: 4/92 [hornet (9)]
   438 | D        | Mangled by a hornet

Illustrated notes

Levels and vault maps discovered:
D:        pitsprint [storerooms_1, entrance_room_1, metal_vault_3, armoury_2,
          mini_pit_1, grid_room_1, main_hall_1, silver_pit, the_coven_2,
          the_vestibule_1, steel_vault_3, golden_pit, hallway_of_sentries,
          crystal_vault_2, iron_vault_2, final_vault]

Skill      XL: |  1  2  3  4  5  6  7  8 |
---------------+-------------------------+-----
Fighting       | 7 8 9 |  9.4
Dodging        | 7 9 |  9.3
Unarmed Combat | 8 9 10 11 | 11.0

Action                     |  1- 3 |  4- 6 |  7- 9 || total
---------------------------+-------+-------+-------++-------
  Melee: Unarmed           |    11 |     6 |    65 ||    82
         Punch             |       |       |     2 ||     2
 Invoke: Berserk           |     1 |       |       ||     1
 Armour: Animal skin       |     6 |     1 |    40 ||    47
  Dodge: Dodged            |     1 |     1 |    38 ||    40

Table legend: (Time is in decaauts)
 A = Elapsed time spent in this place.
 B = Non-inter-level travel time spent in this place.
 C = Inter-level travel time spent in this place.
 D = Time resting spent in this place.
 E = Time spent auto-exploring this place.
 F = Levels seen in this place.
 G = Mean time per level.
                   A        B        C        D        E       F      G
               +--------+--------+--------+--------+--------+-----+--------+
         Total |    433 |    433 |      0 |     95 |    106 |   1 |  433.0 |
       Dungeon |    433 |    433 |      0 |     95 |    106 |   1 |  433.0 |
               +--------+--------+--------+--------+--------+-----+--------+

Top non-repeatable levels by time:
       D: 433 daAuts
